Cogmind - Beta 13 @@@ ROGUE MODE // 2024.05.20 @ 07:28:33 Player: Martoko Result: Destroyed by G-34 Mercenary with Small Laser Performance ------------- Evolutions (0) 0 Regions Visited (1) 200 Robots Destroyed (9) 45 Value Destroyed (129) 129 Prototype IDs (2) 40 Alien Tech Used (0) 0 Bonus (0) 0 TOTAL SCORE: 414 Bonus ------- None Cogmind --------- Core Integrity 0/250 Matter 192/300 Energy 241/250 System Corruption 0% Temperature Warning (354) Movement Core (300) Ox5 Location -10/Materials Parts ------- > --- POWER (1) -------- Ion Engine > --- PROPULSION (2) --- (None) > --- UTILITY (2) ------ Medium Storage Unit Improved Terrain Scanner > --- WEAPON (2) ------- Small Laser Light Assault Rifle > --- INVENTORY (10) --- Light Ion Engine Light Ion Engine Aluminum Leg Aluminum Leg Small Storage Unit Seismic Detector Peak State ------------ > --- POWER ------------ Ion Engine > --- PROPULSION ------- Light Treads Light Treads > --- UTILITY ---------- Small Storage Unit Improved Terrain Scanner > --- WEAPON ----------- Assault Rifle Light Assault Rifle > --- INVENTORY -------- Light Ion Engine Light Ion Engine Light Ion Engine Aluminum Leg Aluminum Leg Small Laser Mining Laser Mining Laser [Rating: 9] Favorites ----------- Power Ion Engine Engine Ion Engine Propulsion Light Treads Treads Light Treads Utility Improved Terrain Scanner Device Improved Terrain Scanner Storage Medium Storage Unit Weapon Mining Laser Energy Gun Small Laser Ballistic Gun Light Assault Rifle Special Weapon Mining Laser Build | -11 -10 ------- Run | Yrd Mat Slots Evolved . | . . Power . | . . Propulsion . | . . Utility . | . . Weapon . | . . Parts Attached 17 | 7 10 Power 1 | 1 . Engine 1 | 1 . Core . | . . Reactor . | . . Propulsion 2 | 2 . Treads 2 | 2 . Leg . | . . Wheel . | . . Hover . | . . Flight . | . . Utility 3 | 2 1 Device 1 | 1 . Storage 2 | 1 1 Processor . | . . Hackware . | . . Protection . | . . Artifact . | . . Weapon 11 | 2 9 Energy Gun 1 | . 1 Energy Cannon . | . . Ballistic Gun 6 | 2 4 Ballistic Cannon . | . . Launcher . | . . Special Weapon 4 | . 4 Impact Weapon . | . . Slashing Weapon . | . . Piercing Weapon . | . . Special Melee Weapon . | . . Unidentified Prototypes . | . . Parts Lost 5 | . 5 Power . | . . Propulsion 2 | . 2 Utility . | . . Weapon 3 | . 3 Highest Loss Streak 5 | . 5 To Critical Strikes . | . . Average Slot Usage (%) 98 | . 98 Engine 14 | . 14 Treads 26 | . 26 Device 14 | . 14 Storage 14 | . 14 Ballistic Gun 12 | . 12 Special Weapon 14 | . 14 Naked Turns . | . . Heaviest Build 19 | 14 19 Greatest Support 40 | 40 40 Greatest Overweight (x) . | . . Average Overweight (x) . | . . Largest Inventory Capacity 10 | 8 10 Average Capacity 8 | 7 9 Most Carried 9 | 8 9 Average Carried 7 | 5 8 Final Capacity 10 | 8 10 Final Carried 8 | 8 6 Class Distribution -------------------- 100% | Mutant Dominant Class ---------------- Mutant | -10/Materials Resources | -11 -10 ----------- Run | Yrd Mat Matter Collected 400 | 334 66 Remotely . | . . Salvage Created 201 | 164 37 Parts 19 | 18 1 Haulers Intercepted . | . . Recyclers Shooed 1 | 1 . Parts Field Recycled . | . . Retrieved Matter . | . . Parts Self-Destructed . | . . Prevented . | . . Kills | -11 -10 ------- Run | Yrd Mat Combat Hostiles Destroyed 2 | . 2 Guns 2 | . 2 Classes Destroyed 3 | 2 1 Tunneler 6 | 6 . Recycler 1 | 1 . Grunt 2 | . 2 Best Kill Streak 2 | 2 1 Combat Bots Only 1 | . 1 Max Kills in Single Turn 1 | 1 1 Gunslinging . | . . Exploded . | . . Melee . | . . Uniques/NPCs Destroyed . | . . Combat | -11 -10 -------- Run | Yrd Mat Hostile Shots Fired 76 | . 76 Missed 12 | . 12 Damage Taken 891 | . 891 Core 258 | . 258 Absorbed by Shields . | . . Core Remaining (%) 100 | 100 . Volleys Fired 44 | 16 28 Largest 2 | 2 2 Hottest 200 | 40 200 Shots Fired 78 | 32 46 Gun 64 | 32 32 Cannon . | . . Launcher . | . . Special 14 | . 14 Kinetic 62 | 32 30 Thermal 16 | . 16 Explosive . | . . Electromagnetic . | . . Robot Hit Streak 8 | 8 4 Robot Miss Streak 8 | 3 8 Penetration Max . | . . Secondary Targets 1 | . 1 Max Gunslinging Chain 1 | . 1 Shots Hit Robots 39 | 17 22 Core Hits 17 | 9 8 Critical Kills . | . . Critical Parts Destroyed . | . . Critical Strikes . | . . Melee Attacks . | . . Impact . | . . Slashing . | . . Piercing . | . . Sneak Attacks . | . . Combat Hostiles . | . . Follow-up Attacks . | . . Damage Inflicted 500 | 199 301 Guns 404 | 199 205 Cannons . | . . Explosions . | . . Melee . | . . Ramming . | . . Kinetic 383 | 199 184 Thermal 117 | . 117 Explosive . | . . Electromagnetic . | . . Impact . | . . Slashing . | . . Piercing . | . . Highest Corruption . | . . Average Corruption . | . . Corruption Purged . | . . Corruption Blocked . | . . Overload Shots . | . . Overflow Damage . | . . Projectiles . | . . Explosions . | . . Melee . | . . Knockbacks . | . . Impact . | . . Kinetic . | . . Secondary . | . . Self-Inflicted Damage . | . . Shots . | . . Rammed . | . . Targets Rammed . | . . Kicked . | . . Crushed . | . . Highest Temperature 410 | . 410 Average Temperature 195 | . 195 Received Heat Transfer 546 | . 546 Effects 2 | . 2 Shutdowns 1 | . 1 Matter Decay 1 | . 1 Siege Activations . | . . Robots Corrupted . | . . Combat Hostiles . | . . Parts Fried . | . . Impact Corruptions . | . . Robots Melted . | . . Combat Hostiles . | . . Parts Melted . | . . Heat Transferred 250 | . 250 Parts Sabotaged . | . . Parts Stolen . | . . Parts Stripped . | . . Power Chain Reactions . | . . Alert | -11 -10 ------- Run | Yrd Mat Peak Influence 86 | 35 86 Initial 22 | . 22 Average 32 | 15 41 Maximum Alert Level . | . . Low Security (%) 100 | 100 100 Level 1 . | . . Level 2 . | . . Level 3 . | . . Level 4 . | . . Level 5 . | . . High Security . | . . Max Security . | . . Squads Dispatched 1 | . 1 Investigation . | . . Extermination . | . . Reinforcement 1 | . 1 Assault . | . . Garrison . | . . Intercept . | . . Searches Triggered . | . . Construction Impeded . | . . Haulers Reinforced . | . . Active Scanning Responses . | . . Cargo Convoy Interrupts . | . . Stealth | -11 -10 --------- Run | Yrd Mat Distress Signals 1 | . 1 Communications Jammed . | . . Distress Signals . | . . Times Spotted 11 | . 11 Peak Tracking Total 8 | . 8 Tactical Retreats 2 | . 2 Traps | -11 -10 ------- Run | Yrd Mat Traps Triggered . | . . Indirectly . | . . Trap Hack Attempts . | . . Triggered . | . . Disarmed . | . . Reprogrammed . | . . Reused . | . . Traps Extracted . | . . Installed . | . . Triggered . | . . Machines | -11 -10 ---------- Run | Yrd Mat Machines Disabled . | . . Max in Single Turn . | . . Machines Repaired . | . . Machines Dismantled . | . . Machines Sabotaged . | . . Overloaded Fab Kills . | . . Hacking | -11 -10 --------- Run | Yrd Mat Machines Accessed 2 | . 2 Terminals 2 | . 2 Fabricators . | . . Repair Stations . | . . Recycling Units . | . . Scanalyzers . | . . Garrison Access . | . . Total Hacks 7 | . 7 Successful 3 | . 3 Failed 4 | . 4 Catastrophic . | . . Database Lockouts . | . . Manual 2 | . 2 Terminals 7 | . 7 Fabricators . | . . Repair Stations . | . . Recycling Units . | . . Scanalyzers . | . . Garrison Access . | . . Terminal Hacks 3 | . 3 Prototype ID Bank 1 | . 1 Branch Access Points 1 | . 1 Locate Traps 1 | . 1 Fabricator Hacks . | . . Repair Station Hacks . | . . Recycling Unit Hacks . | . . Scanalyzer . | . . Garrison Access Hacks . | . . Unauthorized Hacks . | . . Terminals . | . . Fabricators . | . . Repair Stations . | . . Recycling Units . | . . Scanalyzers . | . . Garrison Access . | . . Data Cores Recovered . | . . Used . | . . Hacking Detections 2 | . 2 Full Trace Events . | . . Feedback Events . | . . Feedback Blocked . | . . Robot Schematics Acquired . | . . Robots Built . | . . Authchips . | . . Time . | . . Total Robot Build Rating . | . . Part Schematics Acquired . | . . Parts Built . | . . Authchips . | . . Time . | . . Total Part Build Rating . | . . Parts Repaired . | . . Time . | . . Parts Recycled . | . . Recycled Matter . | . . Retrieved Matter . | . . Retrieved Components . | . . Parts Scanalyzed . | . . Part Schematics Acquired . | . . Parts Damaged . | . . Bothacking | -11 -10 ------------ Run | Yrd Mat Used RIF Installer . | . . Robots Hacked . | . . Non-combat . | . . Combat . | . . Robot Hacks Applied . | . . Relay Couplers Released . | . . Fabnet Peak Effective % . | . . Robots Rewired . | . . Allies Hacked . | . . Hacks Repelled . | . . Allies | -11 -10 -------- Run | Yrd Mat Total Allies . | . . Largest Group . | . . Highest-Rated Group . | . . Highest-Rated Ally . | . . Total Orders . | . . Ally Attacks . | . . Total Damage . | . . Kills . | . . Allies Corrupted . | . . Allies Melted . | . . Intel | -11 -10 ------- Run | Yrd Mat Robot Analysis Total . | . . Derelict Logs Recovered . | . . Drone Launches . | . . Drone Recoveries . | . . Exploration | -11 -10 ------------- Run | Yrd Mat Turns Passed 773 | 265 508 Spaces Moved 362 | 127 235 Core 4 | 4 . Treads 358 | 123 235 Legs . | . . Wheels . | . . Hover . | . . Flight . | . . Fastest Speed 50 | 50 160 Average Speed 158 | 156 160 Slowest Speed 160 | 160 160 Overloaded Moves . | . . Propulsion Burnouts . | . . Robots Hopped . | . . Cave-ins Triggered . | . . Exploration Rate (%) 19 | 5 33 Regions Visited 1 Branch Regions . Pre-discovered Areas . | . . Known Exits Taken . | . . Unknown Exits Taken 1 | 1 . Scrap Searched . | . . Spaces Dug 2 | . 2 Terrain Destroyed 7 | . 7 Melee . | . . Projectile 7 | . 7 AOE . | . . Terrain Rammed . | . . Walls Destroyed . | . . Machines Disabled . | . . Actions | -11 -10 --------- Run | Yrd Mat Total 459 | 162 297 Wait 19 | . 19 Move 361 | 126 235 Hop . | . . Pick Up 14 | 11 3 Fast Attach 6 | 6 . Attach 4 | 1 3 Detach . | . . Swap 7 | . 7 Drop 4 | 2 2 Fire 44 | 16 28 Melee . | . . Ram . | . . Kick . | . . Crush . | . . Escape Stasis . | . . Rewire . | . . Trap . | . . Miscellaneous . | . . Route ------- -11/Scrapyard -10/Materials (discovered 1 exit: Min) History --------- Turn | Location | Event 13 | -11/Scrapyard | Discovered new exit (range 15) 266 | -11/Scrapyard | Entered Materials 323 | -10/Materials | Build established: Mutant 478 | -10/Materials | Identified exit to Mines 753 | -10/Materials | Core integrity fell below 50% 767 | -10/Materials | Core integrity fell below 20% 774 | -10/Materials | Destroyed by G-34 Mercenary with Small Laser Last Messages --------------- R-06 Scavenger collects Sml. Laser. K-01 Serf collects debris. Acquired 4 matter. O-16 Technician uses terminal to summon reinforcements. ALERT: Hostiles spotted, dispatching reinforcements to Terminal M006. O-16 Technician locks terminal. Critical hit (Burn: +37). G-34 Mercenary suffers critical hit (Burn). G-34 Mercenary destroyed. Mining Laser destroyed. Lgt. Treads destroyed. G-47 Trooper destroyed. Switching to secondary target: G-47 Trooper. Lgt. Treads destroyed. Assault Rifle destroyed. Power failure, Ion Engine shutdown. Critical hit (Burn: +37). Overheating: Matter decay (-51). Map ----- +----------------------------------------------------+ | ????????# # """ #?# ### ?????#? ?? | | ????? ??# # """ ### ##^ ^??? ??? | | #??###### # + ## ^ ??? | | ??#?##! + % """ ### ## ^ ??? | | ???## # """ #?# ## ???? | | ????#! # """ #?# ## ???? | | ????#! # ### ## """ """ ? ?? | | ????#! #####+###### ## """ """ | | ???###! #???# """ """ | | ?????#### #?#?# ##### | | ????????# #???# #??## | | ?????#### #??## #####+#####+###### | | ?????# ## #???# # #??#?? | | ????## ## #??## # #?##?? | | ?######## #?#?# # #???? ^ | | ?# # ##??# # #???? ^ | | ?# # #??##u# #???? | | ?#!! + #??## #######+######?#??| ^ ^ | | ?#!! # #???# #??## % ######## | | ?#! # #??## #???# | | ?# # ##### ##### T % | | ?######## #??## | | ?#?????## ##??#g##### ##########+### | | ????????# T#??# #######/######?????????? | | ??????#?# ##?## #?# #??? ? ????? | | ????#???# #?#?#@#?# #?#????????? | | ??????#?# ##?#!%g## """ !#????? ???? | | #???????# ##?## ### """"" #????" ? ??? | | ????#???#####?### ### """"" ###????????? | | ???????????#??#?# + """"" #????"?????? | | #???#??????###??##### """ #?#????????? | | ???#???????##?#????## #??????????? | | ?????????##????#??#?###########?#????#???? | | ???????????#?????????#???#???##?#????????? | | | | | | | | | | | | | | | | | | | | | | | | | | | | | | | | | +----------------------------------------------------+ Best States ------------- Heat Dissipation 25 Energy Generation 10 Energy Capacity 250 Matter Stores 300 Matter Capacity 300 Sight Range 16 Terrain Scan Range 16 Terrain Scan Density 10 Evasion (%) 40 Recoil Reduction 2 Item Schematics ----------------- None Robot Schematics ------------------ None Fabricated ------------ Nothing Alien Tech Used ----------------- None Achievements -------------- None Challenges ------------ None Game ------ Seed PhasingHardcellAnalyzer Manual? 0 Play Time 00:11:37 Cumulative 11.5 hours Start 2024.05.20 @ 07:19:59 End 2024.05.20 @ 07:28:33 Sessions 1 Manual Loads 0 Difficulty Rogue Special Mode None Game No. 8 Rogue 8 Adventurer 0 Explorer 0 Win Type - Total 0 Types 0/0/0/0/0/0/0/0/0 Lore% 14 Gallery% 15 Achievement% 15 Wizard Run 0 Options --------- Layout 1 ASCII 0 Keyboard 1 Movement Arrows Keybinds 0 Fullscreen 1 Font 24/Smallcaps Map View 50x35 Zoom Use 0% Tactical HUD 0 Map Filters NONE Filters NONE Steam 0 RUN: ef763347-029f-4584-bb42-37a1fbcde841